 Dungeon Crawl Stone Soup version 0.29.0-11-gd7f09526c8 (console) character file.

Game seed: 10259056713974308881

230728 odiv the Peltast (level 18, -14/124 (127) HPs)
             Began as a Demonspawn Wanderer on Sept 3, 2022.
             Was the Champion of Dithmenos.
             Killed from afar by a deep elf annihilator (55 damage)
             ... with an iron shot
             ... on level 2 of the Vaults on Sept 4, 2022.
             The game lasted 03:59:42 (51972 turns).

odiv the Peltast (Demonspawn Wanderer)             Turns: 51972, Time: 03:59:43

HP:   -14/124 (127) AC: 16    Str: 16    XL:     18   Next: 77%
MP:   4/28          EV: 37    Int: 21    God:    Dithmenos [******]
Gold: 406           SH: 15    Dex: 21    Spells: 1/25 levels left

rFire   + + .      SeeInvis +   a - +5 dagger (venom)
rCold   + + .      Faith    .   J - +0 kite shield {reflect}
rNeg    . . .      Spirit   .   j - +5 scale mail "Gismept" {rF+ Dex+2 Stlth+}
rPois   +          Reflect  +   c - +1 hat {Will+}
rElec   .          Harm     .   K - scarf {rC+ rF+}
rCorr   .          Rampage  .   D - +1 pair of gloves {Str+3}
Will    +++..                   m - +0 pair of boots of Zuoz Ole {+Blink Will+ Int+4} Stlth **++++++++
                                E - amulet of the acrobat
HPRegen 0.30/turn               k - ring of see invisible
MPRegen 0.21/turn               W - ring "Yzxi" {Wiz rPois rC+ Str+2}

@: about to teleport, acrobatic, very slightly contaminated, wreathed by umbra,
lightly drained
A: hooves 2, spiny 3, sturdy frame 3, demonic magic 2
}: 1/15 runes: barnacled
a: Renounce Religion, Evoke Blink, Shadow Step, Shadow Form


You were on level 2 of the Vaults.
You worshipped Dithmenos.
Dithmenos was exalted by your worship.
You visited 7 branches of the dungeon, and saw 33 of its levels.
You also visited: Ice Cave.

You collected 2874 gold pieces.
You spent 2468 gold pieces at shops.

Inventory:

Hand Weapons
 a - a +5 dagger of venom (weapon)
 b - a +5 vampiric demon blade
 y - a +3 rapier of electrocution
Missiles
 n - 2 throwing nets
 w - 11 javelins (quivered)
Armour
 c - a +1 hat of willpower (worn)
 j - the +5 scale mail "Gismept" (worn) {rF+ Dex+2 Stlth+}
   (You found it on level 1 of the Shoals)

   Dex:       It affects your dexterity (+2).
   rF:        It protects you from fire.
   Stlth:     It makes you more stealthy.
 m - the +0 pair of boots of Zuoz Ole (worn) {+Blink Will+ Int+4}
   (You found it on level 4 of the Shoals)

   Int:       It affects your intelligence (+4).
   +Blink:    It lets you blink.
   Will:      It increases your willpower.
 D - a +1 pair of gloves of strength (worn)
 J - a +0 kite shield of reflection (worn)
 K - a scarf of resistance (worn)
Jewellery
 d - a ring of protection from fire
 e - the ring of Vuips {rPois rC+}
   (You found it on level 1 of the Vaults)

   [ring of protection from cold]

   rC:        It protects you from cold.
   rPois:     It protects you from poison.
 i - a ring of ice
 k - a ring of see invisible (left hand)
 E - an amulet of the acrobat (around neck)
 H - a ring of resist corrosion
 L - a ring of flight
 V - a ring of willpower
 W - the ring "Yzxi" (right hand) {Wiz rPois rC+ Str+2}
   (You found it on level 10 of the Dungeon)

   [ring of wizardry]

   It improves your spell success rate.
   Str:       It affects your strength (+2).
   rC:        It protects you from cold.
   rPois:     It protects you from poison.
Wands
 f - a wand of polymorph (13)
 h - a wand of flame (20)
 x - a wand of light (2)
 Q - a wand of iceblast (10)
 Y - a wand of charming (20)
Scrolls
 g - 6 scrolls of fear
 l - 3 scrolls of silence
 p - 5 scrolls of teleportation
 z - 3 scrolls of magic mapping
 A - 4 scrolls of amnesia
 B - 2 scrolls of blinking
 C - 2 scrolls of butterflies
 O - a scroll of summoning
Potions
 o - 5 potions of haste
 q - 3 potions of cancellation
 r - a potion of might
 s - 4 potions of magic
 t - 5 potions of resistance
 v - 15 potions of curing
 F - 5 potions of heal wounds
 G - a potion of berserk rage
 M - 7 potions of flight
 N - 2 potions of invisibility
 R - a potion of ambrosia
 T - 3 potions of brilliance
Miscellaneous
 I - a phantom mirror


   Skills:
 - Level 7.0 Fighting
 + Level 14.0 Short Blades
 - Level 4.0 Armour
 - Level 14.8 Dodging
 - Level 14.0 Stealth
 - Level 15.0 Shields
 - Level 4.0 Spellcasting
 - Level 10.0 Necromancy
 - Level 5.0 Translocations
 - Level 4.0 Air Magic
 - Level 14.0 Invocations
 - Level 3.0 Evocations


You had one spell level left.
You knew the following spells:

 Your Spells              Type           Power      Damage    Failure   Level
a - Apportation           Tloc           50%        N/A       1%          1
b - Necrotise             Necr           100%       1d9       1%          1
c - Blink                 Tloc           50%        N/A       1%          2
d - Vampiric Draining     Necr           46%        2d9       1%          3
e - Swiftness             Air            21%        N/A       6%          3
f - Borgnjor's Vile Clut  Necr/Erth      12%        N/A       32%         5
g - Agony                 Necr           46%        N/A       4%          5
h - Animate Dead          Necr           46%        N/A       1%          4

Your spell library contained the following spells:

 Spells                   Type           Power      Damage    Failure   Level
 Shock                    Conj/Air       48%        1d6       4%          1
 Slow                     Hex            16%        N/A       11%         1
 Summon Small Mammal      Summ           16%        N/A       11%         1
 Gell's Gravitas          Tloc           25%        N/A       4%          3
 Lesser Beckoning         Tloc           25%        N/A       4%          3
 Teleport Other           Tloc           25%        N/A       4%          3
 Static Discharge         Conj/Air       12%        3-5/arc   7%          2
 Portal Projectile        Hex/Tloc       28%        N/A       11%         3
 Anguish                  Hex/Necr       12%        N/A       13%         4
 Ensorcelled Hibernation  Hex/Ice        8%         N/A       16%         2
 Mephitic Cloud           Conj/Pois/Air  9%         N/A       17%         3
 Airstrike                Air            10%        2d(2-18)  19%         4
 Death Channel            Necr           23%        N/A       26%         6
 Confusing Touch          Hex            4%         N/A       28%         3
 Dazzling Flash           Conj/Hex       8%         N/A       28%         3
 Frozen Ramparts          Ice            8%         1d2       28%         3
 Spider Form              Tmut/Pois      4%         N/A       28%         3
 Manifold Assault         Tloc           25%        N/A       32%         5
 Cause Fear               Hex            2%         N/A       65%         4
 Ice Form                 Ice/Tmut       4%         N/A       65%         4
 Leda's Liquefaction      Hex/Erth       2%         N/A       65%         4
 Summon Ice Beast         Ice/Summ       4%         N/A       65%         4
 Lightning Bolt           Conj/Air       6%         1d18      73%         5
 Silence                  Hex/Air        6%         N/A       73%         5
 Dispersal                Tloc           12%        N/A       86%         6
 Alistair's Intoxication  Tmut/Pois      2%         N/A       93%         5
 Fireball                 Conj/Fire      2%         3d4       93%         5
 Iskenderun's Battlesphe  Conj           4%         2d6       93%         5
 Lee's Rapid Deconstruct  Erth           2%         3d5*      93%         5
 Conjure Ball Lightning   Conj/Air       6%         3x3d6     99%         6
 Eringya's Noxious Bog    Tmut/Pois      2%         N/A       100%        6
 Starburst                Conj/Fire      2%         6d3       100%        6
 Statue Form              Tmut/Erth      2%         N/A       100%        6
 Dragon Form              Tmut           2%         N/A       100%        7
 Malign Gateway           Summ/Tloc      7%         N/A       100%        7
 Orb of Destruction       Conj           2%         9d5       100%        7
 Storm Form               Tmut/Air       6%         N/A       100%        7
 Ignition                 Fire           2%         3d3       100%        8
 Lehudib's Crystal Spear  Conj/Erth      2%         10d2      100%        8
 Maxwell's Capacitive Co  Air            10%        ∞         100%        8
 Summon Horrible Things   Summ           2%         N/A       100%        8
 Chain Lightning          Conj/Air       6%         3d8       100%        9
 Dragon's Call            Summ           2%         N/A       100%        9
 Fire Storm               Conj/Fire      2%         8d1       100%        9
 Shatter                  Erth           2%         3d6*      100%        9


Dungeon Overview and Level Annotations

Branches:
Dungeon (15/15)            Temple (1/1) D:5            Lair (5/5) D:8
 Shoals (4/4) Lair:3        Snake (3/4) Lair:3        Slime (0/5) Lair:4
    Orc (2/2) D:10            Elf (0/3) Orc:2        Vaults (3/5) D:14
  IceCv (visited)
  Crypt: Vaults:2-3  Depths: D:15

Altars:
Ashenzari
Cheibriados
Dithmenos
Fedhas
Gozag
Hepliaklqana
Kikubaaqudgha
Makhleb
Nemelex Xobeh
Okawaru
Qazlal
Ru
Sif Muna
Trog
Uskayaw
Vehumet
Wu Jian
Xom
Yredelemnul
Jiyva
Lugonu

Shops:
D:1 :   D:2 [!*?   D:4 *   D:6 :*   D:7 *   D:12 *   Orc:2 (=?!   Snake:2 :

Portals:
Abyss: Lair:5
Trove: D:10 (give 6 scrolls of fear)

Annotations:
D:14 exclusion: Agnes
Snake:1 exclusions: anaconda, black mamba and mana viper, Mlioglotl
Snake:3 Bai Suzhen, Saint Roka, Vashnia


Innate Abilities, Weirdness & Mutations

You have hoof-like feet.
You are completely covered in sharp spines.
Your movements are significantly less encumbered by armour. (ER -6)
Spells you cast may paralyse nearby enemies.


Message History

Unknown command.
Casting: Agony (dangerous; 4% risk of failure)
Confirm with . or Enter, or press ? or * to list all spells.
Aiming: Agony (dangerous; 4% risk of failure)
Press: ? - help, Shift-Dir - straight line, f/p - deep elf annihilator
Aim: a deep elf annihilator, wielding a +0 short sword (severely wounded, umbra, chance to affect: 34%)
The deep elf annihilator easily resists.
Malevolent energies surge around you.
The deep elf annihilator casts a spell at you.
The crystal spear hits you!!!
The vault warden is struck by your spines.
The vault warden hits you with a +0 war axe.
Casting: Agony (dangerous; 4% risk of failure)
Confirm with . or Enter, or press ? or * to list all spells.
Aiming: Agony (dangerous; 4% risk of failure)
Press: ? - help, Shift-Dir - straight line, f/p - deep elf annihilator
Aim: a deep elf annihilator, wielding a +0 short sword (severely wounded, umbra, chance to affect: 34%)
You miscast Agony.
You are very lightly contaminated with residual magic.
You hear strange and distant voices!
You feel drained.
The deep elf annihilator hits you but does no damage.
The vault warden is struck by your spines.
The vault warden misses you.
A vault warden comes into view.
It is wielding a +2 great sword of holy wrath.
As you read the scroll of teleportation, it crumbles to dust.
You feel strangely unstable.
The deep elf annihilator hits you but does no damage.
The vault warden hits you with a +0 war axe!
Casting: Agony (dangerous; 4% risk of failure)
Confirm with . or Enter, or press ? or * to list all spells.
Aiming: Agony (dangerous; 4% risk of failure)
Press: ? - help, Shift-Dir - straight line, f/p - deep elf annihilator
Aim: a deep elf annihilator, wielding a +0 short sword (severely wounded, umbra, chance to affect: 34%)
The deep elf annihilator convulses!
Malevolent energies surge around you.
The vault warden suddenly stops moving!
The deep elf annihilator mumbles some strange words.
The deep elf annihilator blinks!
You block the vault warden's attack.
The deep elf annihilator gestures at you while chanting.
The iron shot hits you!!!
You die...

...[......................#
###################'#######
...#..#.....#.#......#
...#.Z'.....#.#......#
...#..#######)#..p...#
#'##..Z.ZZ....#......#
.......#####..####'###
######.#...#...#.p...#
.....'.#...#...p@....#
.....#.###'#...#....e#
.....#.........#....<#
######################
################
#########...........)..#
........#..............#
........#..####..####..#


You could see 2 vault wardens and a deep elf annihilator.

Vanquished Creatures
  Mennas (Vaults:2)
  Jorgrun (D:10)
  Asterion (Snake:3)
  A sphinx (Vaults:1)
  Gastronok (D:8)
  Kirke (D:12)
  Frances (D:13)
  Agnes (D:14)
  A nagaraja (Snake:2)
  Donald (Shoals:2)
  8 vault wardens
  5 ironbound preservers
  A stone giant (Vaults:1)
  5 very ugly things
  3 ironbound thunderhulks (Vaults:2)
  Nessos (D:14)
  2 dire elephants
  Azrael (D:12)
  A deep elf annihilator (Vaults:1)
  The ghost of Huasawuy the Grappler, a journeyman TrHW of Okawaru (Lair:2)
  2 entropy weavers
  4 merfolk impalers
  3 merfolk javelineers
  5 great orbs of eyes
  4 yaktaur captains
  A deep elf high priest (Vaults:2)
  6 hydras
  Fannar (D:12)
  A vault guard (Vaults:1)
  6 centaur warriors
  2 merfolk avatars
  Erica (D:11)
  3 boulder beetles
  An ogre mage (Orc:2)
  3 merfolk aquamancers
  3 alligator snapping turtles
  A catoblepas (Lair:5)
  3 dancing weapons
  4 ironbound frosthearts
  2 satyrs
  2 anacondas
  7 naga warriors (Snake:2)
  3 two-headed ogres
  11 death yaks
  4 naga sharpshooters
  Nergalle (Orc:1)
  4 thrashing horrors (Lair:5)
  6 shock serpents
  19 deep trolls
  4 wizards
  A glowing orange brain (Vaults:3)
  14 sea snakes
  An orc knight (Orc:1)
  16 ironbound convokers
  A naga ritualist (Snake:2)
  12 harpies
  A deep elf pyromancer (D:13)
  A deep elf zephyrmancer (D:7)
  11 ugly things
  10 orc sorcerers
  3 salamanders (Snake:2)
  7 fauns
  5 mana vipers
  6 cyclopes
  15 elephants
  18 manticores
  2 oklob plants
  4 guardian serpents
  4 naga magi
  11 merfolk sirens
  2 gargoyles
  7 vault sentinels
  21 black mambas
  5 water nymphs
  An efreet (D:11)
  14 cane toads
  A smoke demon (Lair:5)
  4 unseen horrors
  5 rime drakes
  A freezing wraith (D:10)
  21 yaktaurs
  2 ancient zymes (Lair:5)
  A polar bear (Lair:5)
  7 komodo dragons
  6 trolls
  36 merfolk
  7 wind drakes
  17 slime creatures
  A blink frog (shapeshifter) (Lair:5)
  Grinder (D:3)
  12 dream sheep
  10 snapping turtles
  13 blink frogs
  2 large abominations (Lair:5)
  13 small abominations (Lair:5)
  A spriggan (Lair:5)
  4 shadows
  A culicivora (Vaults:1)
  A vampire (D:11)
  2 ynoxinuls (Lair:5)
  2 wraiths
  45 yaks
  7 wyverns
  A human (D:12)
  3 basilisks (Lair:5)
  A fire elemental (D:12)
  9 water elementals
  3 vampire mosquitoes (D:12)
  A chaos spawn (Lair:5)
  4 wargs
  21 nagas
  2 acid dragons (D:12)
  14 water moccasins
  2 hell hounds
  5 black bears
  2 sky beasts (D:7)
  7 orc warriors
  4 ice beasts
  8 boggarts
  5 ogres
  15 wolves
  4 centaurs
  3 kobold brigands
  2 phantoms (D:5)
  4 gnoll sergeants
  7 bullfrogs
  A cane toad simulacrum (IceCv)
  A bullfrog (shapeshifter) (Lair:5)
  2 necrophages
  A scorpion (D:7)
  A two-headed ogre simulacrum (IceCv)
  3 wights (D:10)
  25 killer bees
  8 electric eels (D:11)
  6 hounds
  8 orc priests
  12 jellies
  28 orc wizards
  8 iguanas
  4 hell rats (Lair:2)
  4 adders
  19 gnolls
  A naga simulacrum (IceCv)
  2 white imps (IceCv)
  2 ufetubi
  3 worms
  A dart slug (D:4)
  40 orcs
  7 ball pythons
  2 bats
  15 endoplasms
  7 giant cockroaches
  3 goblins
  11 hobgoblins
  4 jackals (D:1)
  4 quokkas
  2 frilled lizards (D:9)
  16 kobolds
  6 rats
955 creatures vanquished.

Vanquished Creatures (collateral kills)
  A deep elf sorcerer (Vaults:2)
  3 ironbound preservers (Vaults:2)
  A stone giant (Vaults:2)
  2 very ugly things
  A yaktaur captain (Vaults:2)
  An ironbound frostheart (Vaults:2)
  2 centaur warriors (Vaults:2)
  A slime creature (Vaults:2)
  5 deep trolls
  A sea snake (Shoals:4)
  An ironbound convoker (Vaults:2)
  6 harpies
  3 ugly things (Vaults:2)
  A centaur zombie (Vaults:2)
  4 yaktaurs
  A yak (D:6)
  A deep troll zombie (Vaults:2)
  A sky beast (D:7)
  2 orcs (Orc:1)
  A ball python (D:1)
  An endoplasm (D:2)
  A kobold (D:1)
  A frilled lizard (D:9)
  A rat (D:2)
  A butterfly (D:5)
44 creatures vanquished.

Vanquished Creatures (others)
  Nikola (Shoals:2)
  2 ogre zombies (Vaults:2)
  3 ugly thing zombies (Vaults:2)
  2 centaur zombies (Vaults:2)
  A dire elephant zombie (Vaults:2)
  5 human zombies
  An elf zombie (Vaults:2)
  7 harpy zombies
  A human (D:12)
  4 deep troll zombies
  A naga (Snake:2)
  5 yaktaur zombies (Vaults:2)
  A jelly (D:12)
  An orc (Orc:2)
  2 endoplasms (D:12)
  29 fungi
  164 plants
230 creatures vanquished.

Grand Total: 1229 creatures vanquished

Notes
Turn   | Place    | Note
-------+----------+-------------------------------------------
     0 | D:1      | odiv the Demonspawn Wanderer began the quest for the Orb.
     0 | D:1      | odiv set off with the following items: a +0 dagger, a
                  | scroll of blinking, a +0 robe, a +0 pair of boots; and the
                  | following spells available to memorise: Apportation,
                  | Necrotise, Lesser Beckoning, Vampiric Draining, Portal
                  | Projectile.
     0 | D:1      | Reached XP level 1. HP: 13/13 MP: 2/2
     2 | D:1      | Learned a level 1 spell: Apportation
     4 | D:1      | Learned a level 1 spell: Necrotise
   439 | D:1      | Found Pepeoc's Vocational Training.
   528 | D:1      | Gained mutation: Your movements are slightly less
                  | encumbered by armour. (ER -2) [demonic ancestry]
   528 | D:1      | Reached XP level 2. HP: 8/19 MP: 0/3
   808 | D:1      | Found a faded altar of an unknown god.
   949 | D:1      | You fall into a shaft and drop 1 floor!
   995 | D:2      | Gained mutation: You are partially covered in sharp spines.
                  | [demonic ancestry]
   995 | D:2      | Reached XP level 3. HP: 11/24 MP: 0/4
  1602 | D:2      | Found Gefruj's Antique Armour Shop.
  1807 | D:2      | Found Cicugu's Assorted Antiques.
  1818 | D:2      | Bought a scroll labelled NIUTAG REIGAQ for 29 gold pieces
  1818 | D:2      | Bought a scroll labelled NIUTAG REIGAQ for 29 gold pieces
  1840 | D:2      | Found Bonoal's Distillery.
  2158 | D:2      | Found Caoghyh's Magic Scroll Shop.
  2480 | D:3      | Gained mutation: You are mostly covered in sharp spines.
                  | [demonic ancestry]
  2480 | D:3      | Reached XP level 4. HP: 30/30 MP: 1/5
  3257 | D:3      | Noticed Grinder
  3592 | D:4      | Reached skill level 5 in Necromancy
  3675 | D:4      | Found Cudad's Mass Market.
  3699 | D:4      | Gained mutation: Your movements are less encumbered by
                  | armour. (ER -4) [demonic ancestry]
  3699 | D:4      | Reached XP level 5. HP: 29/35 MP: 3/6
  3793 | D:4      | Noticed a wyvern
  3804 | D:4      | Killed a wyvern
  3805 | D:4      | Gained mutation: Spells you cast may paralyse adjacent
                  | enemies. [demonic ancestry]
  3805 | D:4      | Reached XP level 6. HP: 33/46 MP: 5/7
  4544 | D:2      | Bought a potion of curing for 42 gold pieces
  4590 | D:2      | Bought a scroll of identify for 20 gold pieces
  4590 | D:2      | Bought a scroll of teleportation for 30 gold pieces
  4689 | D:5      | Entered Level 5 of the Dungeon
  4732 | D:5      | Reached skill level 1 in Short Blades
  4735 | D:5      | Gained mutation: You are completely covered in sharp
                  | spines. [demonic ancestry]
  4735 | D:5      | Reached XP level 7. HP: 31/54 MP: 3/8
  5551 | D:5      | Found a staircase to the Ecumenical Temple.
  5559 | Temple   | Entered the Ecumenical Temple
  5692 | D:6      | Noticed a yak
  5692 | D:6      | Noticed a yak
  5692 | D:6      | Noticed a yak
  5692 | D:6      | Noticed a yak
  5692 | D:6      | Noticed a yak
  5692 | D:6      | Found Gimuts's General Store.
  5698 | D:5      | Gained mutation: Spells you cast may paralyse nearby
                  | enemies. [demonic ancestry]
  5698 | D:5      | Reached XP level 8. HP: 48/60 MP: 9/9
  5702 | D:6      | Found Ummydad's Book Shop.
  5708 | D:6      | Reached skill level 5 in Stealth
  5839 | D:6      | Bought a potion of degeneration for 11 gold pieces
  5839 | D:6      | Bought a potion of berserk rage for 55 gold pieces
  6015 | D:6      | Reached skill level 5 in Short Blades
  6263 | D:6      | Reached XP level 9. HP: 40/65 MP: 3/10
  6934 | D:7      | Found Xenkua's Assorted Antiques.
  6946 | D:7      | Bought a fuming silvery potion for 27 gold pieces
  6946 | D:7      | Bought a white potion for 27 gold pieces
  7392 | D:7      | Noticed a deep elf zephyrmancer
  7514 | D:7      | Bought a scroll labelled LANGEEX OMIARA for 31 gold pieces
  7514 | D:7      | Bought a scroll labelled PYOTIZ VEEVO for 31 gold pieces
  7668 | D:8      | Noticed Gastronok
  7731 | D:8      | Found a staircase to the Lair.
  8410 | D:6      | Bought a +1 buckler of reflection for 148 gold pieces
  8410 | D:6      | Bought a scroll of teleportation for 33 gold pieces
  8472 | D:9      | Reached XP level 10. HP: 72/72 MP: 11/11
  8484 | D:9      | Reached skill level 1 in Shields
  8626 | D:9      | Found a snail-covered altar of Cheibriados.
  8778 | D:9      | Found an ornate altar of the Wu Jian Council.
  8778 | D:9      | Found a sacrificial altar of Ru.
  8779 | D:9      | Found an opulent altar of Gozag.
  8859 | D:9      | Reached skill level 2 in Shields
  8862 | D:9      | Reached skill level 3 in Shields
  9056 | D:9      | Reached skill level 4 in Shields
  9173 | D:9      | Reached skill level 5 in Shields
  9370 | D:9      | Found a sparkling altar of Nemelex Xobeh.
  9379 | D:9      | Found a basalt altar of Yredelemnul.
  9657 | D:9      | Found an ancient bone altar of Kikubaaqudgha.
  9730 | D:9      | Found a shadowy altar of Dithmenos.
  9785 | D:10     | Entered Level 10 of the Dungeon
  9850 | D:10     | Found a portal to a secret trove of treasure.
  9915 | D:10     | Found a hazy altar of Hepliaklqana.
  9976 | D:9      | Found a bloodstained altar of Trog.
  9981 | D:9      | Became a worshipper of Dithmenos the Shadowed
 10247 | D:10     | Reached skill level 10 in Short Blades
 10253 | D:10     | Reached skill level 1 in Dodging
 10342 | D:10     | Found a staircase to the Orcish Mines.
 10585 | D:10     | Identified the ring "Yzxi" {Wiz rPois rC+ Str+2}
 11014 | D:2      | Bought a scroll of vulnerability for 40 gold pieces
 11060 | D:2      | Bought a potion of attraction for 42 gold pieces
 11060 | D:2      | Bought a potion of flight for 42 gold pieces
 11218 | Lair:1   | Entered Level 1 of the Lair of Beasts
 11272 | Lair:1   | Noticed a cane toad
 11273 | Lair:1   | Identified the +5 hand axe of the Devouring Gods {speed,
                  | Will+}
 11279 | Lair:1   | Killed a cane toad
 11280 | Lair:1   | Gained mutation: You have large cloven feet. [demonic
                  | ancestry]
 11280 | Lair:1   | Reached XP level 11. HP: 78/78 MP: 9/12
 11289 | Lair:1   | Learned a level 2 spell: Blink
 11572 | Lair:1   | Reached skill level 5 in Fighting
 12525 | Lair:2   | Noticed a six-headed hydra
 12931 | D:7      | Killed a deep elf zephyrmancer
 13017 | D:4      | Learned a level 3 spell: Vampiric Draining
 13163 | D:8      | Killed Gastronok
 13393 | Lair:2   | Reached * piety under Dithmenos
 13394 | Lair:2   | Reached skill level 5 in Dodging
 13837 | Lair:3   | Found a shimmering altar of Xom.
 13837 | Lair:3   | Noticed Huasawuy's ghost (journeyman TrHW)
 13838 | Lair:3   | Found a runed translucent door.
 13843 | Lair:3   | Noticed a +0 rapier of chaos
 13895 | Lair:3   | Found a frozen archway.
 13915 | IceCv    | Entered an ice cave
 14200 | Lair:3   | Found a staircase to the Shoals.
 14493 | D:8      | Learned a level 3 spell: Swiftness
 14547 | Orc:1    | Entered Level 1 of the Orcish Mines
 14547 | Orc:1    | Noticed an orc sorcerer
 14551 | Orc:1    | Killed an orc sorcerer
 14552 | Orc:1    | Reached skill level 1 in Air Magic
 14912 | Orc:1    | Noticed Jorgrun
 14921 | Orc:1    | Noticed an orc knight
 15110 | D:11     | Noticed Erica
 15112 | D:11     | Killed Erica
 15199 | D:11     | Reached ** piety under Dithmenos
 15249 | D:11     | Reached XP level 12. HP: 88/88 MP: 16/16
 15945 | D:11     | Noticed a two-headed ogre
 15959 | D:11     | Killed a two-headed ogre
 16600 | D:12     | Noticed Azrael
 17248 | D:11     | Reached *** piety under Dithmenos
 17372 | D:6      | Bought a scroll of identify for 22 gold pieces
 17372 | D:6      | Bought a potion of curing for 33 gold pieces
 17372 | D:6      | Bought a potion of ambrosia for 88 gold pieces
 17473 | D:2      | Bought a scroll of blinking for 217 gold pieces
 17877 | Lair:3   | Found a staircase to the Snake Pit.
 18050 | Lair:3   | Reached skill level 10 in Dodging
 18126 | Lair:3   | Noticed a death yak
 18126 | Lair:3   | Noticed a death yak
 18144 | Lair:3   | Reached skill level 1 in Invocations
 18147 | Lair:3   | Noticed a death yak
 18453 | Lair:4   | Noticed an eight-headed hydra
 18460 | Lair:4   | Killed an eight-headed hydra
 18904 | Lair:4   | Found a staircase to the Slime Pits.
 18905 | Lair:4   | Found a viscous altar of Jiyva.
 18918 | Lair:4   | Reached skill level 10 in Stealth
 19239 | D:2      | Bought a scroll of identify for 20 gold pieces
 19239 | D:2      | Bought a scroll of identify for 20 gold pieces
 19239 | D:2      | Bought a scroll of brand weapon for 95 gold pieces
 19546 | Lair:3   | Gained mutation: Your movements are significantly less
                  | encumbered by armour. (ER -6) [demonic ancestry]
 19546 | Lair:3   | Reached XP level 13. HP: 89/93 MP: 13/17
 20768 | Lair:4   | Reached **** piety under Dithmenos
 21225 | Lair:5   | Entered Level 5 of the Lair of Beasts
 21947 | D:3      | Killed Grinder
 22262 | D:10     | Killed Jorgrun
 22726 | Orc:2    | Entered Level 2 of the Orcish Mines
 22879 | Orc:2    | Found a staircase to the Elven Halls.
 22983 | Orc:2    | Found Bapruc's Distillery.
 23070 | Orc:2    | Found Xiganaott's Magic Scroll Emporium.
 23087 | Orc:2    | Bought a scroll of identify for 30 gold pieces
 23416 | Orc:1    | Noticed Nergalle
 23446 | Orc:1    | Killed Nergalle
 23646 | Orc:2    | Found an ancient bone altar of Kikubaaqudgha.
 23822 | Orc:2    | Found a radiant altar of Vehumet.
 24191 | Orc:2    | Learned a level 5 spell: Borgnjor's Vile Clutch
 24212 | Orc:2    | Found Xouguar's Antique Weapon Shoppe.
 24266 | Orc:2    | Found Jemm's Jewellery Emporium.
 24611 | D:2      | Bought a distressingly furry scale mail for 261 gold pieces
 24611 | D:2      | Identified the +1 scale mail "Addowyut" {rF+} (You bought
                  | it in a shop on level 2 of the Dungeon)
 25051 | Snake:1  | Entered Level 1 of the Snake Pit
 25253 | Shoals:1 | Entered Level 1 of the Shoals
 25256 | Shoals:1 | Identified the +5 scale mail "Gismept" {rF+ Dex+2 Stlth+}
 25419 | Shoals:1 | Identified the +5 scale mail of Cheibriados's Grace {rPois
                  | rN+}
 25752 | Shoals:1 | Gained mutation: You have hoof-like feet. [demonic
                  | ancestry]
 25752 | Shoals:1 | Reached XP level 14. HP: 66/100 MP: 3/18
 26992 | Shoals:2 | Reached ***** piety under Dithmenos
 27260 | Shoals:2 | Noticed Nikola
 27271 | Shoals:2 | Killed Nikola
 27560 | Shoals:2 | Noticed Donald
 27702 | Lair:5   | Reached skill level 1 in Armour
 28971 | Lair:5   | Reached XP level 15. HP: 59/105 MP: 19/19
 30812 | Lair:5   | Found a corrupted altar of Lugonu.
 30812 | Lair:5   | Found a one-way gate to the infinite horrors of the Abyss.
 30836 | Lair:5   | Learned a level 5 spell: Agony
 31448 | Snake:1  | Noticed Mlioglotl
 31919 | Snake:1  | Reached skill level 5 in Invocations
 32778 | Snake:2  | Noticed a nagaraja
 33641 | D:6      | Bought a book of Debilitation for 280 gold pieces
 34621 | Shoals:4 | Entered Level 4 of the Shoals
 34737 | Shoals:4 | Reached XP level 16. HP: 91/111 MP: 9/21
 34755 | Shoals:4 | Got the Monograph on Concussion
 34826 | Shoals:4 | Identified the +0 pair of boots of Zuoz Ole {+Blink Will+
                  | Int+4}
 36531 | Lair:2   | Killed Huasawuy's ghost
 37236 | D:12     | Noticed Fannar
 37241 | D:12     | Killed Fannar
 37246 | D:12     | Reached skill level 10 in Invocations
 37450 | D:12     | Reached skill level 10 in Necromancy
 37451 | D:12     | Noticed Kirke
 37459 | D:12     | Killed Kirke
 37784 | D:12     | Found Yna Kizxut's General Store.
 38009 | D:13     | Noticed Frances
 38011 | D:13     | Killed Frances
 38119 | D:13     | Identified the +8 quarterstaff "Quukkoom" {drain, rElec
                  | rN+++ SInv Stlth-}
 38484 | D:14     | Noticed Nessos
 38487 | D:14     | Killed Nessos
 38642 | D:14     | Reached ****** piety under Dithmenos
 38948 | D:14     | Noticed Agnes
 38952 | D:14     | Found a gate to the Vaults.
 39104 | D:15     | Entered Level 15 of the Dungeon
 39561 | Snake:2  | Found Mojonn's Self-Improvement Boutique.
 40566 | Snake:3  | Noticed Vashnia
 41267 | Snake:3  | Noticed Asterion
 41268 | Snake:3  | Killed Asterion
 41770 | Snake:3  | Noticed Bai Suzhen
 41771 | Snake:3  | Noticed Saint Roka
 42692 | D:12     | Killed Azrael
 42795 | D:12     | Reached XP level 17. HP: 92/119 MP: 27/27
 44190 | Shoals:4 | Got a barnacled rune of Zot
 44562 | Shoals:2 | Killed Donald
 45150 | D:14     | Killed Agnes
 45151 | D:14     | Reached skill level 5 in Translocations
 45184 | Vaults:1 | Entered Level 1 of the Vaults
 45244 | Vaults:1 | Learned a level 4 spell: Animate Dead
 45294 | Vaults:1 | Identified the ring of Vuips {rPois rC+}
 45315 | Vaults:1 | Reached skill level 6 in Shields
 45877 | Vaults:1 | Reached skill level 7 in Shields
 46396 | Vaults:1 | Reached skill level 8 in Shields
 46782 | Vaults:1 | Reached skill level 9 in Shields
 47523 | Vaults:1 | Reached skill level 10 in Shields
 47954 | Vaults:2 | Noticed Mennas
 47956 | Vaults:2 | Killed Mennas
 47974 | Vaults:2 | Reached skill level 11 in Shields
 48458 | Vaults:2 | Reached XP level 18. HP: 127/127 MP: 22/28
 48609 | Vaults:2 | Reached skill level 12 in Shields
 49075 | D:2      | Bought a pair of embroidered gloves for 210 gold pieces
 49350 | Orc:2    | Bought a potion of resistance for 170 gold pieces
 49350 | Orc:2    | Bought a potion of resistance for 170 gold pieces
 49350 | Orc:2    | Bought a potion of haste for 170 gold pieces
 49368 | Orc:2    | Bought a scroll of teleportation for 45 gold pieces
 50195 | Vaults:2 | Reached skill level 13 in Shields
 50793 | Vaults:2 | Reached skill level 14 in Shields
 51848 | Vaults:2 | Reached skill level 15 in Shields
 51972 | Vaults:2 | Killed from afar by a deep elf annihilator

Illustrated notes

Levels and vault maps discovered:
D:1:      dpeg_arrival_court, layout_rooms, ebering_ecumenical_altar_rust,
          hangedman_decor_points, nicolae_shop_vocational
D:2:      layout_basic, serial_shops, shop, shop, nicolae_shop_crystal, shop,
          serial_glass, glass_columns_c, glass_columns_b, glass_columns_b,
          glass_columns_a, glass_columns_b, glass_columns_a, glass_columns_a,
          glass_columns_c, glass_columns_a, glass_columns_a, glass_columns_a,
          glass_columns_a, glass_columns_c, glass_columns_a,
          chequers_serial_rivers_small_b, nrook_mini_vaults,
          chequers_serial_rivers_small_b
D:3:      layout_basic, ebering_dispersal_statue_hall, uniq_grinder
D:4:      layout_basic, minmay_statues_item, minmay_shop_mass,
          chequers_mini_garden, chequers_serial_rivers_small_b
D:5:      layout_cave_pools, minmay_temple_entry_butterflies
D:6:      layout_basic, elyvilon_altar_4, serial_shops, nicolae_stop_n_shop_1,
          nicolae_stop_n_shop_1, amcnicky_mini_corridor_feature,
          reono_crystal_passage, nicolae_benzene_ring, columned_hall_lemuel
D:7:      layout_rooms, nicolae_stop_n_shop_1, guppyfry_early_elven_hall
D:8:      layout_basic, david_lair_generic, minmay_puff, uniq_gastronok
D:9:      layout_loops_ring, lemuel_coloured_pillars_altar,
          kiku_gazebo_pond_becter, nicolae_overflow_hidden_temple,
          amethyst_overflow_temple_binary, minmay_lizard_king
D:10:     layout_roguey, nicolae_hepliaklqana_hippocampus, orc_0_dummy,
          enter_trove_2, serial_rivers, chequers_serial_rivers_small_b,
          chequers_serial_rivers_micro_a, chequers_serial_rivers_marsh,
          chequers_serial_rivers_marsh
D:11:     layout_basic, serial_bayou, serial_bayou_crossing,
          serial_bayou_lagoon_a, serial_bayou_pond_c, serial_bayou_lagoon_b,
          uniq_erica
D:12:     lemuel_slime, layout_basic, serial_shops, nicolae_shop_crystal,
          kennysheep_cross_room, st_stairs_3, uniq_fannar, uniq_azrael,
          uniq_kirke
D:13:     layout_small_grid, lightli_corner_chamber, uniq_frances
D:14:     layout_roguey, erik_vaults_1, minmay_crystal_water, uniq_nessos,
          uniq_agnes
D:15:     grunt_enter_depths_magical_seal, layout_small_grid
Temple:   nicolae_temple_ecumenical_triangle
Lair:1:   layout_chaotic_city, grunt_megastairs_4
Lair:2:   layout_cellular_growth
Lair:3:   layout_regular_city, elwin_shoals_entry_stream,
          minmay_snake_entry_spellcaster, ebering_ghost_xom,
          portal_ice_cave_rime, beast_lair_carwin_1
Lair:4:   layout_roguey, minmay_slime_entry_pillars
Lair:5:   hellmonk_lair_end_abyssal_woods, layout_cave_pods, grunt_megastairs_3
Shoals:1: layout_shoals
Shoals:2: layout_shoals, uniq_donald, uniq_nikola
Shoals:3: layout_shoals
Shoals:4: shoals_end_hangedman, layout_shoals
Snake:1:  layout_honeycomb, nicolae_integral_box, uniq_mlioglotl
Snake:2:  layout_onion, nicolae_shop_self_help, lemuel_fruit_tree
Snake:3:  layout_onion, serial_shops, nicolae_shop_hallway_stairs, basic_altar,
          minmay_shop_grove, uniq_asterion, uniq_vashnia, uniq_saint_roka,
          uniq_bai_suzhen
Orc:1:    layout_diamond_mine, uniq_jorgrun, uniq_nergalle
Orc:2:    kennysheep_orc_mage_school, layout_diamond_mine, basic_altar
Vaults:1: nicolae_vaults_little_squares_2, vaults_dpeg_emergency_exit,
          hangedman_vaults_nodes, nicolae_vaults_network_square,
          vaults_mumra_hex, nicolae_vaults_network_barrier,
          nicolae_vaults_border_crossing, v_misc_28,
          nicolae_vaults_branching_niches, nicolae_vaults_circle_grid_a,
          layout_vaults_omnibox
Vaults:2: v_rooms_1, vaults_room_hallway, vaults_room_ringed_pool, v_rooms_5,
          nicolae_vaults_shelves_hall, vaults_standard_mumra_lines, v_misc_33,
          dpeg_vaults_pockets_of_resistance, grunt_vaults_twisty, v_pattern_5,
          nicolae_vaults_asterisk, v_alt_pattern_1, vaults_dpeg_ring,
          vaults_room_pools, layout_vaults_big_cross, uniq_mennas
Vaults:3: v_pattern_1, minmay_crypt_entry_skeletal_spiral,
          vaults_room_stairs_pillars, hangedman_vaults_corner_blocks,
          kennysheep_vaults_gozag_temple, v_alt_pattern_1,
          nicolae_vaults_shelves_hall, layout_vaults_omnigrid, serial_shops,
          shop, uniq_jory

Skill      XL: |  1  2  3  4  5  6  7  8  9 10 11 12 13 14 15 16 17 18 |
---------------+-------------------------------------------------------+-----
Necromancy     | 2 3 4 5 6 8 10 | 10.0
Fighting       | 2 4 6 7 |  7.0
Short Blades   | 1 3 6 8 10 11 12 13 14 | 14.0
Stealth        | 3 4 7 9 10 11 13 14 | 14.0
Shields        | 5 11 15 | 15.0
Dodging        | 2 7 11 12 13 14 | 14.8
Spellcasting   | 3 4 |  4.0
Translocations | 3 4 5 |  5.0
Air Magic      | 2 4 |  4.0
Invocations    | 4 7 14 | 14.0
Armour         | 3 4 |  4.0
Evocations     | |  3.0

Action                   |  1- 3 |  4- 6 |  7- 9 | 10-12 | 13-15 | 16-18 || total
-------------------------+-------+-------+-------+-------+-------+-------++-------
Melee: Dagger            |    47 |     6 |    79 |   317 |   432 |   286 ||  1167
       Short sword       |    17 |    30 |       |    54 |    63 |       ||   164
       Punch             |       |     1 |       |       |       |       ||     1
       Hand axe          |       |       |       |     9 |       |       ||     9
       Scimitar          |       |       |       |    50 |    17 |     4 ||    71
       Rapier            |       |       |       |       |   289 |   215 ||   504
       Kick              |       |       |       |       |   184 |     2 ||   186
       Demon blade       |       |       |       |       |       |   224 ||   224
 Fire: Shortbow          |       |       |    26 |       |       |       ||    26
Throw: Stone             |       |     2 |       |       |       |       ||     2
       Javelin           |       |     1 |       |       |       |     8 ||     9
       Dart              |       |       |    10 |    18 |    14 |       ||    42
 Cast: Necrotise         |    42 |    42 |    60 |   274 |   342 |    57 ||   817
       Apportation       |       |       |     5 |       |    11 |    21 ||    37
       Blink             |       |       |       |    12 |     1 |     2 ||    15
       Swiftness         |       |       |       |     1 |     4 |       ||     5
       Vampiric Draining |       |       |       |     1 |    79 |    23 ||   103
       Agony             |       |       |       |       |     3 |   198 ||   201
       Borgnjor's Vile C |       |       |       |       |       |     1 ||     1
       Animate Dead      |       |       |       |       |       |    12 ||    12
Invok: Shadow Step       |       |       |       |       |     3 |     6 ||     9
Evoke: Wand              |       |       |       |     2 |     1 |     6 ||     9
  Use: Scroll            |       |       |       |    26 |     7 |     9 ||    42
       Potion            |       |       |       |       |     1 |     6 ||     7
 Stab: Sleeping          |     2 |     1 |     6 |    22 |    79 |    76 ||   186
       Distracted        |       |     1 |       |     2 |     8 |    19 ||    30
       Paralysed         |       |    13 |    20 |    87 |   114 |   122 ||   356
       Petrified         |       |       |       |       |     1 |       ||     1
Armor: Robe              |    25 |    14 |    16 |    13 |       |       ||    68
       Leather armour    |       |       |       |    43 |    22 |       ||    65
       Scale mail        |       |       |       |       |   117 |   132 ||   249
Dodge: Dodged            |    44 |    23 |    65 |   311 |   649 |   599 ||  1691
Block: Buckler           |       |       |       |   118 |   221 |   252 ||   591
       Reflection        |       |       |       |     2 |    17 |    16 ||    35
       Kite shield       |       |       |       |       |       |     7 ||     7
